 Dungeon Crawl Stone Soup version 0.27-a0-797-g27d10ad80f (webtiles) character file.

Game seed: 8812109779683157557

26 polve the Slasher (level 2, -2/24 HPs)
             Began as a Demonspawn Abyssal Knight on Mar 27, 2021.
             Was a Follower of Lugonu.
             Slain by Robin
             ... wielding a +0 club
              (4 damage)
             ... on level 2 of the Dungeon.
             The game lasted 00:00:37 (1517 turns).

polve the Slasher (Demonspawn Abyssal Knight)       Turns: 1517, Time: 00:00:38

Health: -2/24      AC:  3    Str: 12    XL:     2   Next: 89%
Magic:  3/3        EV: 11    Int: 13    God:    Lugonu [*.....]
Gold:   14         SH:  4    Dex: 12    Spells: 1/1 levels left

rFire    . . .     SeeInvis .   a - +1 falchion
rCold    . . .     Faith    .   (no shield)
rNeg     . . .     Spirit   .   b - +0 leather armour
rPois    .         Reflect  .   (no helmet)
rElec    .         Harm     .   (no cloak)
rCorr    .         Rampage  .   (no gloves)
Will     .....                  (no boots)
Stlth    +.........             (no amulet)
HPRegen  0.08/turn              (no ring)
MPRegen  0.08/turn              (no ring)

@: no status effects
A: large bone plates 1
a: Renounce Religion, Depart the Abyss


You were on level 2 of the Dungeon.
You worshipped Lugonu.
Lugonu was aware of your devotion.
You visited 1 branch of the dungeon, and saw 2 of its levels.
You visited the Abyss 1 time.

You collected 14 gold pieces.

Inventory:

Hand Weapons
 a - a +1 falchion (weapon)
Armour
 b - a +0 leather armour (worn)
Scrolls
 c - a scroll of amnesia {unknown}
 d - 2 scrolls of identify {unknown}
 f - 2 scrolls of teleportation {unknown}
 h - a scroll of holy word {unknown}
Potions
 e - 3 potions of curing {unknown}
 g - 2 potions of might {unknown}
 i - a potion of heal wounds {unknown}
 j - a potion of flight {unknown}


   Skills:
 - Level 3.0 Fighting
 + Level 3.1 Long Blades
 - Level 1.7 Armour
 - Level 0.8 Dodging
 - Level 2.4 Invocations


You had one spell level left.
You didn't know any spells.
Your spell library was empty.

Dungeon Overview and Level Annotations

Branches:
Dungeon (2/15)

Altars:

Annotations:
D:2 Robin


Innate Abilities, Weirdness & Mutations

You are partially covered in large bone plates. (SH +4)


Message History

The goblin shouts!
You slash the goblin!
You kill the goblin!
Lugonu accepts your kill.
You hear a shout! x3
The goblin hits you with a +0 club.
Robin of the Strong Arm comes into view.
They are wielding a +0 club.
You are too injured to fight recklessly!
You are too injured to fight recklessly!
You are too injured to fight recklessly!
You are too injured to fight recklessly!
You are too injured to fight recklessly!
There are monsters nearby!
There are monsters nearby!
A quokka comes into view.
You hit the goblin.
The goblin is severely wounded.
The goblin hits you with a +0 club.
You hit the goblin.
You kill the goblin!
Lugonu accepts your kill.
You hit the goblin.
The goblin is moderately wounded.
The goblin closely misses you.
You hit the goblin.
You kill the goblin!
Lugonu accepts your kill. Robin throws the goblin at you!
The goblin hits you with a +0 club.
You swing at nothing.
The goblin hits you with a +0 club. Robin hits you with a +0 club.
* * * LOW HITPOINT WARNING * * *
You hit Robin.
Robin is lightly wounded.
A goblin comes into view. It is wielding a +0 dagger.
The goblin barely misses you. Robin hits you with a +0 club.
* * * LOW HITPOINT WARNING * * *
You hit Robin.
Robin is heavily wounded.
The goblin misses you. Robin hits you with a +0 club.
You die...

##########
#gg@g....#
#.######.#
#.# #.#
#g# #.#
#g# #.#
#g# #.#
#.).# #.#
###.# #.#
#.# #.#


You could see Robin and 2 goblins.

Vanquished Creatures
  2 ball pythons (D:1)
  An endoplasm (D:1)
  2 giant cockroaches (D:1)
  3 goblins (D:2)
  A hobgoblin (D:1)
  4 jackals (D:1)
  3 bats (D:1)
  2 frilled lizards (D:1)
  2 kobolds (D:1)
  3 rats (D:1)
23 creatures vanquished.

Notes
Turn   | Place    | Note
-------+----------+-------------------------------------------
     0 | Abyss:1  | polve the Demonspawn Abyssal Knight began the quest for the
                  | Orb.
     0 | Abyss:1  | Reached XP level 1. HP: 18/18 MP: 2/2
    25 | Abyss:1  | Noticed a raiju
    25 | Abyss:1  | Noticed an ancient zyme
    29 | D:1      | Escaped the Abyss
   628 | D:1      | Reached * piety under Lugonu
   673 | D:1      | Gained mutation: You are partially covered in large bone
                  | plates. (SH +4) [demonic ancestry]
   673 | D:1      | Reached XP level 2. HP: 24/24 MP: 3/3
  1504 | D:2      | Noticed Robin
  1517 | D:2      | Slain by Robin

Illustrated notes

Levels and vault maps discovered:
D:1:      kennysheep_arrival_seaside, layout_basic, minivault_11,
          kennysheep_small_spiral, hex_large
D:2:      minmay_angry_zag, layout_basic, minmay_quadrilaterals, uniq_robin,
          uniq_natasha

Skill      XL: |  1  2 |
---------------+-------+-----
Long Blades    | 2 3 |  3.1
Fighting       | |  3.0
Armour         | |  1.7
Dodging        | |  0.8
Invocations    | |  2.4

Action                   || total
-------------------------++-------
Melee: Falchion          ||    61
Invok: Depart the Abyss  ||     1
Armor: Leather armour    ||    18
Dodge: Dodged            ||    39
Block: Other             ||    11
       Rpst.: Falchion   ||    12

Table legend: (Time is in decaauts)
 A = Elapsed time spent in this place.
 B = Non-inter-level travel time spent in this place.
 C = Inter-level travel time spent in this place.
 D = Time resting spent in this place.
 E = Time spent auto-exploring this place.
 F = Levels seen in this place.
 G = Mean time per level.
                   A        B        C        D        E       F      G
               +--------+--------+--------+--------+--------+-----+--------+
         Total |   1530 |   1507 |     23 |      0 |   1374 |   3 |  510.0 |
       Dungeon |   1501 |   1478 |     23 |      0 |   1350 |   2 |  750.5 |
         Abyss |     29 |     29 |      0 |      0 |     24 |   1 |   29.0 |
               +--------+--------+--------+--------+--------+-----+--------+

Top non-repeatable levels by time:
     D:1: 1459 daAuts
     D:2: 42 daAuts
 Abyss:1: 29 daAuts
